 Dungeon Crawl Stone Soup version 0.27.1-37-g7b29ead8ac (webtiles) character file.

Game seed: 46591302090070138

5709 AarnesTheHuman the Transmogrifier (level 10, -2/94 HPs)
             Began as a Merfolk Transmuter on Aug 28, 2023.
             Was a Believer of Fedhas.
             Slain by a seven-headed hydra (5 damage)
             ... on level 8 of the Dungeon.
             The game lasted 00:36:42 (13429 turns).

AarnesTheHuman the Transmogrifier (MfTm)           Turns: 13429, Time: 00:36:43

Health: -2/94      AC:  8    Str: 11    XL:     10   Next: 76%
Magic:  19/22      EV: 12    Int: 15    God:    Fedhas [**....]
Gold:   298        SH:  0    Dex: 15    Spells: 12/25 levels left

rFire    . . .     SeeInvis .     - Unarmed
rCold    + + +     Faith    .   (shield currently unavailable)
rNeg     . . .     Spirit   .   (armour currently unavailable)
rPois    +         Reflect  .   (helmet currently unavailable)
rElec    .         Harm     .   (cloak currently unavailable)
rCorr    .         Rampage  .   (gloves currently unavailable)
Will     .....                  (boots currently unavailable)
Stlth    ++........             (no amulet)
HPRegen  0.25/turn              d - ring of protection from fire
MPRegen  0.18/turn              p - ring of wizardry

@: ice-form
A: freezing attack, boosted hp, large, (nimble swimmer 2), (mertail)
a: End Transformation, Renounce Religion, Wall of Briars


You were on level 8 of the Dungeon.
You worshipped Fedhas.
Fedhas was pleased with you.
You were a creature of crystalline ice.
You visited 2 branches of the dungeon, and saw 9 of its levels.

You collected 298 gold pieces.

Inventory:

Hand Weapons
 a - a +1 whip of flaming (melded)
 e - a +4 spear
 k - the +10 bardiche of Indomitability {protect, Str+6 Int-5 Dex+4 SInv}
   (You acquired it on level 6 of the Dungeon)

   It grants its wielder temporary protection when it strikes (+7 to AC).
   Str:       It affects your strength (+6).
   Int:       It affects your intelligence (-5).
   Dex:       It affects your dexterity (+4).
   SInv:      It lets you see invisible.
 t - a +0 dagger
Missiles
 f - 8 atropa-tipped darts
 r - 13 poisoned darts (quivered)
 v - 2 boomerangs of dispersal
Armour
 i - a +1 pair of gloves (melded)
 m - a +0 helmet (melded)
 D - a +0 kite shield
 I - +0 steam dragon scales (melded)
 J - a scarf of shadows (melded)
Magical Staves
 C - a staff of cold
Jewellery
 c - the ring of the Traitor {Drain rC+ rN++ Str+3 Dex+2}
   (You took it off an orc on level 8 of the Dungeon)

   [ring of protection from cold]

   Str:       It affects your strength (+3).
   Dex:       It affects your dexterity (+2).
   rC:        It protects you from cold.
   rN:        It greatly protects you from negative energy.
   Drain:     It drains your maximum health when unequipped.
 d - a ring of protection from fire (left front paw)
 n - a ring of willpower
 p - a ring of wizardry (right front paw)
 w - a +6 ring of dexterity
 F - an amulet of faith
 G - an amulet of the acrobat
Wands
 q - a wand of digging (12)
 u - a wand of paralysis (11)
 L - a wand of polymorph (3)
Scrolls
 j - 2 scrolls of immolation
 l - a scroll of blinking
 s - a scroll of fear
 x - 6 scrolls of teleportation
 y - a scroll of magic mapping
Potions
 b - a potion of curing
 g - 2 potions of flight
 h - a potion of degeneration
 o - a potion of might
 z - a potion of cancellation {unknown}
 A - 2 potions of haste {unknown}
 B - a potion of brilliance {unknown}
 E - a potion of attraction {unknown}
 H - a potion of magic {unknown}
 K - 3 potions of resistance {unknown}


   Skills:
 + Level 7.1 Fighting
 - Level 2.0 Maces & Flails
 - Level 2.0 Armour
 + Level 6.2 Dodging
 - Level 1.0 Stealth
 - Level 7.0 Unarmed Combat
 - Level 8.0 Spellcasting
 - Level 8.0 Transmutations
 - Level 5.0 Ice Magic
 - Level 3.0 Poison Magic
 - Level 2.0 Invocations


You had 12 spell levels left.
You knew the following spells:

 Your Spells              Type           Power      Damage    Failure   Level
a - Beastly Appendage     Tmut           60%        N/A       1%          1
b - Wereblood             Tmut           30%        N/A       1%          2
c - Spider Form           Tmut/Pois      11%        N/A       1%          3
d - Sting                 Tmut/Pois      88%        1d7       1%          1
e - Ice Form              Ice/Tmut       25%        N/A       3%          4
f - Poisonous Vapours     Pois/Air       20%        N/A       4%          2

Your spell library contained the following spells:

 Spells                   Type           Power      Damage    Failure   Level
 Ensorcelled Hibernation  Hex/Ice        26%        N/A       2%          2
 Ignite Poison            Fire/Tmut/Pois 16%        N/A       3%          3
 Corona                   Hex            6%         N/A       4%          1
 Conjure Flame            Conj/Fire      6%         6-21      14%         3
 Dazzling Flash           Conj/Hex       12%        N/A       14%         3
 Tukima's Dance           Hex            6%         N/A       14%         3
 Olgreb's Toxic Radiance  Pois           15%        N/A       14%         4
 Iskenderun's Mystic Bla  Conj/Tloc      6%         2d4       41%         4
 Sticky Flame             Conj/Fire      6%         2d3       41%         4
 Agony                    Necr           6%         N/A       75%         5
 Silence                  Hex/Air        3%         N/A       75%         5
 Starburst                Conj/Fire      3%         6d3       99%         6


Dungeon Overview and Level Annotations

Branches:
Dungeon (8/15)             Temple (1/1) D:5
   Lair: D:8-11

Altars:
Ashenzari
Cheibriados
Dithmenos
Elyvilon
Fedhas
Gozag
Makhleb
Nemelex Xobeh
Okawaru
Qazlal
Ru
Trog
Uskayaw
Vehumet
Wu Jian
Xom
Yredelemnul
Zin
The Shining One

Annotations:
D:3 exclusion: downstairs
D:6 exclusion: downstairs
D:7 2 transporters, exclusion: 3 downstairs, peterlawrence's ghost, novice MiFi


Innate Abilities, Weirdness & Mutations

You are a creature of crystalline ice.
You have a powerful freezing melee attack.
Your maximum health is increased.
Your armour is entirely melded.
You are incapable of wielding weapons or throwing items.
((You are quick and stealthy near water. (Stealth+, EV+, Speed+++)))
((Your lower body shifts to a powerful aquatic tail in water.))


Message History

The sting hits the seven-headed hydra.
The seven-headed hydra partially resists.
The seven-headed hydra is lightly wounded.
Casting: Sting (safe; 1% risk of failure)
Confirm with . or Enter, or press ? or * to list all spells.
Aiming: Sting (safe; 1% risk of failure)
Press: ? - help, Shift-Dir - straight line, f/p - seven-headed hydra
Aim: a seven-headed hydra (92% to hit)
The sting hits the seven-headed hydra.
The seven-headed hydra partially resists.
The seven-headed hydra is lightly wounded.
You completely miss the seven-headed hydra.
The seven-headed hydra barely misses you.
The seven-headed hydra bites you.
The seven-headed hydra closely misses you.
The seven-headed hydra bites you. The seven-headed hydra bites you! x3
You punch the seven-headed hydra! You freeze the seven-headed hydra.
The seven-headed hydra is moderately wounded.
The seven-headed hydra bites you but does no damage. x2
The seven-headed hydra bites you!
The seven-headed hydra bites you but does no damage.
The seven-headed hydra closely misses you.
The seven-headed hydra bites you!
The seven-headed hydra bites you but does no damage.
You pummel the seven-headed hydra!!
The seven-headed hydra seems to slow down.
You freeze the seven-headed hydra.
The seven-headed hydra is severely wounded.
The seven-headed hydra bites you!
* * * LOW HITPOINT WARNING * * *
The seven-headed hydra bites you but does no damage.
The seven-headed hydra bites you.
* * * LOW HITPOINT WARNING * * *
The seven-headed hydra bites you!
* * * LOW HITPOINT WARNING * * *
The seven-headed hydra bites you!
* * * LOW HITPOINT WARNING * * *
The seven-headed hydra bites you.
You die...
Fedhas appreciates your contribution to the ecosystem.

...............,,,*,,,,,,,,,,*,,,
..................#,,,,,,,,,,*,,,
..................######*********
........................,,,,,,,u,
........................,,,,,,,,,
........................,,,,,,,,,
.....>..................,,,,,,,,,
........................,,,,,,,,,
...............DY.......,,,,,,,,,
.............####'######****+****
.............#,,,...,,,,,,,,,,,,,
.............#,,,.....,,,,,,,,,,,
########.....#,,,<......,,,,,,,,,
* #.....#,,,[......,,,,,,,,, *
#.....#,,,.......,,,,,,,,, *
#.....##**##(####********* *
#.......,,,,,,,,,,,,,,,,,,


You could see a seven-headed hydra (slow).

Vanquished Creatures
  A two-headed ogre (D:8)
  A deep elf pyromancer (D:8)
  Pikel (D:8)
  An ugly thing (D:8)
  Joseph (D:7)
  Psyche (D:8)
  Prince Ribbit (D:7)
  2 wyverns (D:8)
  3 steam dragons
  2 water moccasins
  An orc warrior (D:7)
  2 sky beasts
  3 ogres
  A centaur (D:8)
  3 lemures (D:8)
  A kobold brigand (D:7)
  A bullfrog (D:7)
  A gnoll sergeant (D:7)
  A scorpion (D:5)
  A water moccasin zombie (D:5)
  4 wights (D:7)
  A howler monkey (D:8)
  A bullfrog zombie (D:6)
  2 jellies
  2 bullfrog skeletons (D:5)
  2 orc priests (D:7)
  2 hounds
  Jessica (D:2)
  3 centaur skeletons
  6 iguanas
  8 orc wizards
  A hound skeleton (D:4)
  A howler monkey zombie (D:7)
  10 gnolls
  3 adders
  2 shadow imps
  3 white imps
  2 ufetubi
  2 worms
  An adder skeleton (D:4)
  3 dart slugs
  16 orcs
  7 endoplasms
  3 giant cockroaches
  4 goblins
  2 hobgoblins
  4 jackals (D:1)
  3 quokkas (D:1)
  4 ball pythons
  4 bats
  7 frilled lizards
  12 kobolds
  6 rats
161 creatures vanquished.

Vanquished Creatures (others)
  2 plants (D:4)
2 creatures vanquished.

Grand Total: 163 creatures vanquished

Notes
Turn   | Place    | Note
-------+----------+-------------------------------------------
     0 | D:1      | AarnesTheHuman the Merfolk Transmuter began the quest for
                  | the Orb.
     0 | D:1      | Reached XP level 1. HP: 15/15 MP: 3/3
   212 | D:1      | Reached XP level 2. HP: 21/21 MP: 3/5
   519 | D:1      | Found a faded altar of an unknown god.
   553 | D:1      | Learned a level 2 spell: Wereblood
  1323 | D:2      | Reached XP level 3. HP: 26/26 MP: 2/6
  1417 | D:2      | Reached skill level 1 in Stealth
  1430 | D:2      | Noticed Jessica
  1985 | D:2      | Killed Jessica
  1986 | D:2      | Reached XP level 4. HP: 30/32 MP: 4/8
  2526 | D:2      | Learned a level 3 spell: Spider Form
  2562 | D:3      | Reached skill level 5 in Transmutations
  2997 | D:3      | Learned a level 1 spell: Sting
  3245 | D:3      | Reached skill level 1 in Poison Magic
  3541 | D:3      | Found a blossoming altar of Fedhas.
  3681 | D:3      | Reached XP level 5. HP: 32/37 MP: 0/9
  4725 | D:3      | Reached XP level 6. HP: 35/43 MP: 6/11
  4843 | D:3      | Reached skill level 1 in Maces & Flails
  5522 | D:4      | Found a hide-covered altar of Uskayaw.
  6068 | D:3      | Became a worshipper of Fedhas Madash
  6097 | D:5      | Entered Level 5 of the Dungeon
  6111 | D:5      | Learned a level 4 spell: Ice Form
  6139 | D:4      | Learned a level 2 spell: Poisonous Vapours
  6263 | D:5      | Reached XP level 7. HP: 48/48 MP: 11/14
  6305 | D:5      | Reached skill level 1 in Invocations
  6557 | D:5      | Reached skill level 5 in Spellcasting
  7000 | D:5      | Found a staircase to the Ecumenical Temple.
  7145 | D:5      | Reached XP level 8. HP: 36/58 MP: 13/15
  7397 | Temple   | Entered the Ecumenical Temple
  7581 | D:6      | Identified a scroll of acquirement
  7581 | D:6      | Acquired the +10 bardiche of Indomitability {protect, Str+6
                  | Int-5 Dex+4 SInv}
  8646 | D:7      | Found a transporter.
  8650 | D:7      | Noticed peterlawrence's ghost (novice MiFi)
  8690 | D:7      | Found a transporter.
  8693 | D:7      | Reached * piety under Fedhas
  8727 | D:7      | Noticed Joseph
  8749 | D:7      | Killed Joseph
  9037 | D:7      | Reached XP level 9. HP: 64/64 MP: 13/18
  9037 | D:7      | Noticed Prince Ribbit
  9251 | D:7      | Reached skill level 5 in Dodging
  9594 | D:7      | Killed Prince Ribbit
  9698 | D:7      | Reached skill level 5 in Fighting
  9922 | D:7      | Reached skill level 5 in Unarmed Combat
 10020 | D:7      | Found a sparkling altar of Nemelex Xobeh.
 10307 | D:8      | Noticed Psyche
 10322 | D:8      | Killed Psyche
 10575 | D:8      | Noticed a two-headed ogre
 10682 | D:8      | Reached ** piety under Fedhas
 10985 | D:8      | Noticed a white ugly thing
 11066 | D:8      | Killed a white ugly thing
 11067 | D:8      | Reached XP level 10. HP: 17/76 MP: 7/20
 12036 | D:8      | Identified the ring of the Traitor {Drain rC+ rN++ Str+3
                  | Dex+2}
 12040 | D:8      | Noticed a deep elf pyromancer
 12059 | D:8      | Killed a deep elf pyromancer
 12060 | D:8      | Reached skill level 1 in Armour
 12184 | D:8      | Killed a two-headed ogre
 12923 | D:8      | Noticed Pikel
 13321 | D:8      | Killed Pikel
 13322 | D:8      | Reached skill level 5 in Ice Magic
 13412 | D:8      | Noticed a seven-headed hydra
 13429 | D:8      | HP: 3/94 [seven-headed hydra (11)]
 13429 | D:8      | Slain by a seven-headed hydra

Illustrated notes

Levels and vault maps discovered:
D:1:      roderic_dead_forest, layout_loops_cross,
          dreamdust_ecumenical_altar_angels_and_demons, st_stairs_1
D:2:      layout_loops_corners, uniq_jessica
D:3:      layout_rooms, lemuel_doored_altar, kennysheep_generic_room_6
D:4:      layout_cave_pools, mainiacjoe_overflow_boulevard,
          minmay_misc_feat_cross
D:5:      layout_cave_pools, lemuel_temple_firewalk_b
D:6:      layout_cave_pods
D:7:      layout_rooms, nemelex_dance_club_becter, gammafunk_ghost_arena,
          uniq_prince_ribbit1, uniq_joseph
D:8:      layout_gridville, minmay_pinched_square, uniq_pikel, uniq_psyche
Temple:   nicolae_temple_elliptical

Skill      XL: |  1  2  3  4  5  6  7  8  9 10 |
---------------+-------------------------------+-----
Transmutations | 3 4 5 6 8 |  8.0
Stealth        | 1 |  1.0
Poison Magic   | 1 2 3 |  3.0
Spellcasting   | 3 4 5 6 7 8 |  8.0
Maces & Flails | 1 2 |  2.0
Invocations    | 1 2 |  2.0
Dodging        | 4 6 |  6.2
Fighting       | 3 6 7 |  7.1
Ice Magic      | 4 5 |  5.0
Unarmed Combat | 6 7 |  7.0
Armour         | 2 |  2.0

Action                   |  1- 3 |  4- 6 |  7- 9 | 10-12 || total
-------------------------+-------+-------+-------+-------++-------
Melee: Dagger            |   107 |    55 |       |       ||   162
       Headbutt          |    19 |    13 |     3 |       ||    35
       Unarmed           |     3 |     3 |   113 |    61 ||   180
       Punch             |     3 |       |     2 |     1 ||     6
       Whip              |       |    71 |    71 |    11 ||   153
       Bardiche          |       |       |    31 |       ||    31
Throw: Dart              |     1 |     1 |       |       ||     2
 Cast: Beastly Appendage |    18 |    23 |    10 |     1 ||    52
       Wereblood         |     3 |    16 |    17 |     5 ||    41
       Sting             |       |    63 |    34 |     7 ||   104
       Spider Form       |       |     1 |     4 |     4 ||     9
       Ice Form          |       |       |    18 |     8 ||    26
       Poisonous Vapours |       |       |     4 |     8 ||    12
Invok: Wall of Briars    |       |       |     1 |       ||     1
 Abil: End Transformatio |       |       |     1 |       ||     1
Evoke: Wand              |       |       |       |     2 ||     2
  Use: Scroll            |       |    14 |     4 |       ||    18
       Potion            |       |     1 |     1 |       ||     2
 Stab: Sleeping          |       |     2 |     1 |       ||     3
       Fleeing           |       |       |     1 |       ||     1
Armor: Robe              |    27 |    21 |       |       ||    48
       Leather armour    |       |     3 |    52 |     2 ||    57
       Skin              |       |     1 |    18 |    10 ||    29
       Steam dragon scal |       |       |       |     1 ||     1
Dodge: Dodged            |    61 |    95 |   133 |    44 ||   333
